 Dungeon Crawl Stone Soup version 0.23-a0-407-g92528d7 (webtiles) character file.

861 lurkertryhard the Cleaver (level 7, -13/64 HPs)
             Began as a Minotaur Berserker on Nov 7, 2018.
             Was an Elder of Trog.
             Mangled by an orc warrior
             ... wielding a cursed -1 halberd
              (27 damage)
             ... on level 6 of the Dungeon.
             The game lasted 00:15:24 (4500 turns).

lurkertryhard the Cleaver (Minotaur Berserker)      Turns: 4500, Time: 00:15:25

Health: -13/64     AC:  5    Str: 27 (28) XL:     7   Next: 71%
Magic:  6/6        EV: 13    Int:  3 (4)  God:    Trog [****..]
Gold:   334        SH:  0    Dex:  9 (10) Spells: 6/6 levels left

rFire    . . .     SeeInvis .   a - +1 hand axe
rCold    . . .     Gourm    .   (no shield)
rNeg     . . .     Faith    .   l - +0 animal skin
rPois    .         Spirit   .   (helmet restricted)
rElec    .         Reflect  .   (no cloak)
rCorr    .         Harm     .   x - +2 pair of gloves
MR       .....                  (no boots)
Stlth    ++........             (no amulet)
HPRegen  0.20/turn              f - +5 ring of strength
MPRegen  0.10/turn              (no ring)

@: no status effects
A: retaliatory headbutt, horns 2
a: Berserk, Trog's Hand, Brothers in Arms, Renounce Religion


You were on level 6 of the Dungeon.
You worshipped Trog.
Trog was greatly pleased with you.
You were not hungry.

You visited 1 branch of the dungeon, and saw 6 of its levels.

You collected 334 gold pieces.

Inventory:

Hand Weapons
 a - a +1 hand axe (weapon)
 b - a +0 hunting sling
Missiles
 k - 22 sling bullets
 o - 180 stones (quivered)
Armour
 l - a +0 animal skin (worn)
 x - a +2 pair of gloves (worn)
Jewellery
 f - a +5 ring of strength (left hand)
 r - a +2 amulet of reflection {unknown}
Wands
 w - a wand of flame (31)
Scrolls
 d - 2 scrolls of teleportation
 e - 4 scrolls of remove curse
 g - 2 scrolls of enchant weapon
 h - a scroll of identify
 u - a scroll of fog
Potions
 j - a potion of cancellation {unknown}
 n - a potion of curing
 q - 3 potions of flight {unknown}
 s - a potion of might {unknown}
 v - a potion of brilliance {unknown}
 z - a potion of agility
Comestibles
 c - 5 rations


   Skills:
 + Level 6.7 Fighting
 + Level 8.2 Axes
 + Level 2.6 Armour
 + Level 4.0 Dodging
 - Level 2.0 Stealth


You had 6 spell levels left.
You didn't know any spells.
Your spell library was empty.

Dungeon Overview and Level Annotations

Branches:
Dungeon (6/15)
 Temple: D:4-7

Altars:
Ashenzari
Gozag
Ru
Vehumet
Zin
The Shining One


Innate Abilities, Weirdness & Mutations

You reflexively headbutt those who attack you in melee.
You have a pair of horns on your head.


Message History

You hit the orc warrior but do no damage.
The orc warrior is heavily wounded.
The orc warrior hits you with a cursed -1 halberd.
You completely miss the orc warrior. Your headbutt misses the orc warrior.
The orc warrior is heavily wounded.
You hit the orc warrior but do no damage.
You headbutt the orc warrior.
The orc warrior is heavily wounded.
The orc warrior hits you with a cursed -1 halberd!
* * * LOW HITPOINT WARNING * * *
You hit the orc warrior.
The orc warrior is severely wounded.
The orc warrior closely misses you.
You closely miss the orc warrior.
The orc warrior is severely wounded.
The orc warrior hits you with a cursed -1 halberd!
* * * LOW HITPOINT WARNING * * *
You feel better.
The orc warrior hits you with a cursed -1 halberd!!
You die...

*,*****,,,,,,,,,*
*,,,,,,,,,,,,**,*
*******,,******,*
*,,,,,,,,,* *******
***,###****** ,,,,,,*
*,,,,..* *****,* *,*,*#.*
*****,***#.#.##.#########
*,,,,,,,,......o@)......#
*,***,***#....#)#######.#
*,* *,* *#..,...* #.#
*,***,* *.,.....*
##§##### ,,,,,,*
*,#...#.* ##§.....#
*,***** *,##.##.*
#§§...#.# *,* **,#.*.#*
#§§...#,* *,** **.,,#*
#.....#,* ,,,** **+**
##...##,*


You could see an orc warrior.

Vanquished Creatures
  Sigmund (D:3)
  The ghost of derval the Firebug, an amateur OgFE (D:3)
  Blork the orc (D:5)
  A howler monkey (D:5)
  2 crimson imps
  An orc priest (D:6)
  A centaur skeleton (D:5)
  Natasha (thrice) (D:3)
  2 iguanas (D:4)
  2 worker ants (D:4)
  A hound zombie (D:5)
  3 gnolls (D:3)
  3 adders
  2 oozes (D:1)
  7 worms
  2 dart slugs
  4 leopard geckos
  2 orcs (D:6)
  A ball python (D:1)
  10 giant cockroaches
  12 goblins
  6 hobgoblins
  10 jackals
  2 quokkas
  11 bats
  7 frilled lizards
  9 kobolds
  A leopard gecko zombie (D:5)
  A quokka zombie (D:4)
  11 rats
120 creatures vanquished.

Notes
Turn   | Place    | Note
-------+----------+-------------------------------------------
     0 | D:1      | lurkertryhard the Minotaur Berserker began the quest for
                  | the Orb.
     0 | D:1      | Reached XP level 1. HP: 19/19 MP: 0/0
    37 | D:1      | Reached skill level 4 in Axes
    37 | D:1      | Reached XP level 2. HP: 27/27 MP: 1/1
   328 | D:1      | Reached XP level 3. HP: 24/34 MP: 2/2
   682 | D:2      | Reached ** piety under Trog
   741 | D:2      | Reached XP level 4. HP: 27/41 MP: 3/3
  1194 | D:2      | Reached skill level 5 in Fighting
  1758 | D:3      | Noticed Natasha
  1765 | D:3      | Killed Natasha
  1765 | D:3      | Reached skill level 5 in Axes
  1797 | D:3      | Noticed Natasha
  1804 | D:3      | Killed Natasha
  1804 | D:3      | Reached XP level 5. HP: 18/48 MP: 4/4
  2020 | D:3      | Reached *** piety under Trog
  2140 | D:3      | Noticed Sigmund
  2148 | D:3      | Killed Sigmund
  2148 | D:3      | Reached skill level 6 in Axes
  2148 | D:3      | Reached skill level 1 in Stealth
  2148 | D:3      | Reached XP level 6. HP: 57/57 MP: 5/5
  2154 | D:3      | Noticed derval's ghost (amateur OgFE)
  2154 | D:3      | Noticed Natasha
  2167 | D:3      | HP: 4/85 [Natasha (3)]
  2172 | D:3      | Killed Natasha
  2462 | D:3      | Found a runed door.
  2476 | D:3      | Killed derval's ghost
  2476 | D:3      | Reached skill level 7 in Axes
  2550 | D:3      | Reached XP level 7. HP: 63/63 MP: 6/6
  2965 | D:4      | Reached **** piety under Trog
  3195 | D:4      | Found a glowing silver altar of Zin.
  3627 | D:4      | Found a sacrificial altar of Ru.
  3627 | D:4      | Found a shattered altar of Ashenzari.
  3628 | D:4      | Found an opulent altar of Gozag.
  3772 | D:5      | Entered Level 5 of the Dungeon
  3776 | D:5      | Noticed Blork the orc
  3784 | D:5      | Killed Blork the orc
  4046 | D:5      | Reached skill level 8 in Axes
  4192 | D:5      | Found a radiant altar of Vehumet.
  4194 | D:5      | Found a glowing golden altar of the Shining One.
  4500 | D:6      | Mangled by an orc warrior

Vault maps used:
D:1:      psy_arrival_spokes
D:2:      minmay_misc_feat_square
D:3:      hellmonk_ghost_happy_afterlife, uniq_sigmund, uniq_natasha
D:4:      zin_academy, gammafunk_temple_overflow_claw, first_ration
D:5:      overflow_temple_1_default, basic_altar, uniq_blork_the_orc
D:6:      uniq_edmund

Skill      XL: |  1  2  3  4  5  6  7 |
---------------+----------------------+-----
Fighting       | 4 5 6 |  6.7
Axes           | 4 5 6 7 8 |  8.2
Dodging        | 3 4 |  4.0
Stealth        | 1 2 |  2.0
Armour         | |  2.6

Action                   |  1- 3 |  4- 6 |  7- 9 || total
-------------------------+-------+-------+-------++-------
Melee: Hand axe          |    69 |   132 |    81 ||   282
       Headbutt          |     8 |    18 |    16 ||    42
Invok: Berserk           |     2 |     3 |     1 ||     6
  Use: Scroll            |       |     1 |     8 ||     9
       Potion            |       |     4 |     1 ||     5
 Stab: Sleeping          |     1 |     2 |     6 ||     9
  Eat: Chunk             |       |     3 |       ||     3
       Ration            |       |     2 |     3 ||     5
Armor: Animal skin       |    15 |    26 |     7 ||    48
       Skin              |       |     5 |       ||     5
Dodge: Dodged            |    44 |    62 |    36 ||   142

Table legend:
 A = Non-vault XP
 B = Vault XP
 C = Vault XP percentage of total XP
 D = Non-vault monster count
 E = Vault monster count
 F = Vault count percentage of total count
                 A         B        C        D         E       F
            +---------+---------+-------+---------+---------+-------
      Total |     755 |     476 |  38.7 |     116 |       4 |   3.3
            +---------+---------+-------+---------+---------+-------
        D:1 |      53 |       0 |   0.0 |      25 |       0 |   0.0
        D:2 |      86 |       0 |   0.0 |      29 |       0 |   0.0
        D:3 |     234 |     380 |  61.9 |      39 |       3 |   7.1
        D:4 |     153 |       0 |   0.0 |      11 |       0 |   0.0
        D:5 |     182 |      96 |  34.5 |       9 |       1 |  10.0
        D:6 |      47 |       0 |   0.0 |       3 |       0 |   0.0
            +---------+---------+-------+---------+---------+-------
